 Dungeon Crawl Stone Soup version 0.31-a0-75-g6fe912e8c5 (webtiles) character file.

Game seed: 1940966063029886320

286 zxpr0jk the Slasher (level 6, -2/44 HPs)
             Began as a Vampire Gladiator on May 24, 2023.
             Slain by a gnoll
             ... wielding a +0 flail
              (13 damage)
             ... on level 3 of the Dungeon.
             The game lasted 00:06:36 (2378 turns).

zxpr0jk the Slasher (Vampire Gladiator)             Turns: 2378, Time: 00:06:37

Health: -2/44      AC:  5    Str: 15      XL:     6   Next: 8%
Magic:  6/6        EV: 13    Int:  9 (10) God:
Gold:   169        SH:  0    Dex: 15 (16) Spells: 4/5 levels left

rFire   . . .        a - +0 long sword
rCold   . . .        f - orb {guile}
rNeg    . . .        b - +0 leather armour
rPois   .            c - +0 helmet
rElec   .            m - +0 cloak
rCorr   +            (no gloves)
SInv    +            (no boots)
Will    .....        (no amulet)
Stlth   +            p - ring of resist corrosion
HPRegen 0.47/turn    (no ring)
MPRegen 0.10/turn

%: no passive effects
@: on berserk cooldown, healing quickly, slowed, very slow
A: alive, fangs 3, see invisible, vampiric 2
a: Exsanguinate


You were on level 3 of the Dungeon.
You visited 1 branch of the dungeon, and saw 3 of its levels.

You collected 169 gold pieces.

Inventory:

Hand Weapons
 a - a +0 long sword (weapon)
Missiles
 e - a javelin (quivered)
 k - 2 throwing nets
Armour
 b - a +0 leather armour (worn)
 c - a +0 helmet (worn)
 f - an orb of guile (worn)
 m - a +0 cloak (worn)
Jewellery
 p - a ring of resist corrosion (left hand)
Scrolls
 g - a scroll of blinking {unknown}
 h - 3 scrolls of teleportation {unknown}
 i - 2 scrolls of fear {unknown}
 j - a scroll of identify {unknown}
 n - a scroll of noise {unknown}
 o - a scroll of amnesia {unknown}
 r - a scroll of enchant weapon {unknown}
Potions
 l - a potion of might {unknown}
 q - a potion of heal wounds {unknown}


   Skills:
 - Level 1.7 Fighting
 * Level 5.8 Long Blades
 - Level 1.5 Throwing
 + Level 5.1 Dodging


You had 4 spell levels left.
You knew the following spells:

 Your Spells              Type           Power      Damage    Failure   Level
a - Apportation           Tloc           0%         N/A       45%         1

Your spell library contained the following spells:

 Spells                   Type           Power      Damage    Failure   Level
 Ensorcelled Hibernation  Hex/Ice        0%         N/A       58%         2
 Passwall                 Tmut/Erth      0%         N/A       58%         2
 Swiftness                Air            0%         N/A       83%         3
 Alistair's Intoxication  Tmut/Pois      0%         N/A       100%        5


Dungeon Overview and Level Annotations

Branches:
Dungeon (3/15)

Altars:
Nemelex Xobeh


Innate Abilities, Weirdness & Mutations

Your natural rate of healing is accelerated.
You have razor-sharp teeth.
You have supernaturally acute eyesight. (SInv)
You are afflicted with vampirism and can become a bat while bloodless.


Message History

The gnoll attacks as you move away! The gnoll closely misses you.
You closely miss the gnoll. You bite the gnoll.
The gnoll is lightly wounded.
The gnoll hits you with a +0 flail. The gnoll attacks as you move away!
The gnoll hits you with a +0 flail.
You hit the gnoll but do no damage. Your bite misses the gnoll.
The gnoll is lightly wounded.
The gnoll hits you with a +0 flail. The gnoll hits you but does no damage.
The gnoll closely misses you. The gnoll attacks as you move away!
The gnoll hits you but does no damage. The gnoll attacks as you move away!
The gnoll hits you but does no damage.
It was a potion of berserk rage.
A red film seems to cover your vision as you go berserk!
You feel yourself moving faster!
You feel mighty!
The gnoll hits you from afar with a +0 spear.
The gnoll hits you with a +0 flail.
You closely miss the gnoll.
The gnoll is lightly wounded.
You barely miss the gnoll.
The gnoll is lightly wounded.
The gnoll hits you from afar with a +0 spear.
The gnoll hits you with a +0 flail.
You barely miss the gnoll.
The gnoll is lightly wounded.
The gnoll closely misses you. The gnoll hits you with a +0 flail.
* * * LOW HITPOINT WARNING * * *
The gnoll hits you with a +0 flail.
* * * LOW HITPOINT WARNING * * *
You barely miss the gnoll.
The gnoll is lightly wounded.
You feel a strong urge to attack something.
You are too berserk!
A gnoll is nearby!
You feel your anger nearly subside.
You are no longer berserk.
You are exhausted.
You feel yourself slow down.
You slash the gnoll!
The gnoll is almost dead.
The gnoll misses you. The gnoll hits you with a +0 flail!
You die...

######.............#
#..##
#........)##.......#
##..#
..#######..........#
##.# ###
###..........# #.#
###...#........#
#.##
####.^.###....#####
#..# #....### #..#.#
##.# ##.####
#>..g###### #.# ##.#
##...gg@...#### #.#
...# #[..#.####....#
#.## ####
#).##..######.#
#.(## .# #..###..#
#.# ##..# .# #.##
##.# #.#####.# .#
### #.## #.......#
.## #..# #######.#
..# ##.# ### ..#
#.####


You could see 3 gnolls.

Vanquished Creatures
  Sigmund (D:2)
  3 gnolls (D:3)
  3 adders
  3 dart slugs
  2 orcs (D:3)
  7 ball pythons
  5 bats
  7 endoplasms
  A giant cockroach (D:3)
  4 goblins
  3 hobgoblins
  2 jackals (D:2)
  5 quokkas
  3 frilled lizards
  7 kobolds
  5 rats (D:1)
61 creatures vanquished.

Notes
Turn   | Place    | Note
-------+----------+-------------------------------------------
     0 | D:1      | zxpr0jk the Vampire Gladiator began the quest for the Orb.
     0 | D:1      | Reached XP level 1. HP: 16/16 MP: 1/1
   154 | D:1      | Reached XP level 2. HP: 22/22 MP: 2/2
   322 | D:1      | Gained mutation: You are afflicted with vampirism and can
                  | become a bat while bloodless. [Vampire growth]
   322 | D:1      | Reached XP level 3. HP: 27/27 MP: 3/3
  1117 | D:2      | Found a sparkling altar of Nemelex Xobeh.
  1487 | D:2      | Noticed Sigmund
  1509 | D:2      | Killed Sigmund
  1510 | D:2      | Reached skill level 5 in Long Blades
  1510 | D:2      | Reached XP level 4. HP: 14/33 MP: 4/4
  1510 | D:2      | Reached XP level 5. HP: 16/38 MP: 5/5
  1889 | D:3      | Reached skill level 5 in Dodging
  1931 | D:3      | Found a faded altar of an unknown god.
  2198 | D:3      | Learned a level 1 spell: Apportation
  2317 | D:3      | Reached XP level 6. HP: 44/44 MP: 6/6
  2378 | D:3      | Slain by a gnoll

Illustrated notes

Levels and vault maps discovered:
D:1:      saegor_arrival_simple_e, layout_loops_corners, minivault_14,
          minmay_surrounded
D:2:      layout_loops_ring, basic_altar, uniq_sigmund
D:3:      layout_rooms, shapermc_ecumenical_altar_ellora, fountainhead,
          pf_guarded_unrand_woodcutter

Skill      XL: |  1  2  3  4  5 |
---------------+----------------+-----
Long Blades    | 5 |  5.8
Dodging        | 4 5 |  5.1
Fighting       | |  1.7
Throwing       | |  1.5

Action                     |  1- 3 |  4- 6 || total
---------------------------+-------+-------++-------
  Melee: Long sword        |   111 |    63 ||   174
         Bite              |     9 |     7 ||    16
  Throw: Throwing net      |     3 |       ||     3
         Javelin           |     1 |       ||     1
    Use: Potion            |     2 |     1 ||     3
   Stab: Sleeping          |     4 |       ||     4
 Armour: Leather armour    |    27 |    19 ||    46
  Dodge: Dodged            |    61 |    44 ||   105

Table legend: (Time is in decaauts)
 A = Elapsed time spent in this place.
 B = Non-inter-level travel time spent in this place.
 C = Inter-level travel time spent in this place.
 D = Time resting spent in this place.
 E = Time spent auto-exploring this place.
 F = Levels seen in this place.
 G = Mean time per level.
                   A        B        C        D        E       F      G
               +--------+--------+--------+--------+--------+-----+--------+
         Total |   2407 |   2284 |    123 |     58 |   1717 |   3 |  802.3 |
       Dungeon |   2407 |   2284 |    123 |     58 |   1717 |   3 |  802.3 |
               +--------+--------+--------+--------+--------+-----+--------+

Top non-repeatable levels by time:
     D:1: 1000 daAuts
     D:2: 774 daAuts
     D:3: 632 daAuts
